Map: Echo LE (Void)

Players

SticklerMac

  • Race: Zerg Zerg
  • League: Grandmaster

schh

  • Race: Zerg Zerg
  • League: Grandmaster

VOD

Have the link to the VOD?

Description

Time

  • Played on: June 17, 2015, 11:58 p.m.
  • Length: 114:02
Show
View Real Time Build Order
Export as new Build Order

SticklerMac Zerg 

Build Orders: Pool First, Zergling Baneling 

Get SALT Encoding   

  12  0:01  Drone  
  13  0:08  Drone  
  13  0:13  Extractor  
  13  0:15  Drone  
  14  0:33  Spawning Pool  
  13  0:36  Drone  
  14  0:46  Overlord  
  14  1:09  Drone x3  
  17  1:19  Drone  
  17  1:21  Metabolic Boost  
  18  1:29  Queen  
  20  1:37  Overlord  
  20  1:43  Drone  
  21  1:52  Drone  
  22  1:57  Baneling Nest  
  21  2:02  Drone  
  22  2:14  Zergling x2  
  23  2:19  Lair  
  23  2:27  Zergling x2  
  24  2:40  Zergling x10  
  29  2:53  Zergling x2  
  30  3:03  Hatchery  
  30  3:04  Overlord  
  29  3:10  Overlord  
  29  3:11  Overlord  
  29  3:14  Baneling x3  
  29  3:15  Baneling  
  29  3:27  Drone  
  26  3:43  Zergling x14  
  31  3:58  Zergling x2  
  31  4:12  Zergling x2  
  30  4:26  Zergling x6  
  27  4:38  Queen  
  27  4:42  Zergling x4  
  27  4:43  Zergling x6  
  27  4:45  Baneling x3  
  34  4:46  Baneling x3  
  34  4:47  Baneling x2  
  34  4:48  Zergling x2  
  35  4:55  Centrifical Hooks  
  35  4:56  Zergling x2  
  35  5:02  Zergling x2  
  33  5:16  Zergling x12  
  39  5:23  Zergling x4  
  40  5:41  Zergling x6  
  36  5:47  Zergling x2  
  36  5:52  Zergling x2  
  36  5:56  Zergling x2  
  37  6:02  Zergling x2  
  37  6:06  Zergling x2  
  37  6:09  Zergling x8  
  39  6:15  Zergling x2  
  39  6:19  Overlord  
  38  6:35  Overlord x2  
  37  6:46  Zergling x4  
  33  6:54  Zergling x8  
  35  7:08  Zergling x6  
  34  7:12  Zergling x2  
  34  7:19  Zergling x2  
  35  7:25  Zergling x2  
  36  7:35  Zergling x4  
  38  7:41  Zergling x2  
  39  7:48  Zergling x8  
  39  7:49  Zergling x10  
  48  8:01  Zergling x2  
  48  8:02  Zergling x2  
  38  8:07  Zergling x2  
  38  8:10  Zergling x2  
  27  8:19  Zergling x16  
  34  8:33  Spine Crawler  
  30  8:34  Spine Crawler  
  30  8:40  Zergling x2  
  27  8:46  Spine Crawler, Zergling x2  
  26  8:57  Zergling x6  
  26  8:59  Zergling x2  
  30  9:13  Zergling x4  
  32  9:20  Zergling x2  
  33  9:30  Zergling x2  
  34  9:44  Zergling x2  
  35  9:50  Zergling x2  
  36  10:05  Zergling x10  
  41  10:19  Overlord  
  41  10:40  Overlord x2  
  18  11:06  Zergling x2  
  18  11:07  Zergling x12  
  2  12:01  Drone  
Show
View Real Time Build Order
Export as new Build Order

schh Zerg 

Build Orders: Hatch First 

Get SALT Encoding   

  12  0:02  Drone  
  13  0:08  Drone  
  14  0:16  Overlord  
  14  0:35  Drone x3  
  17  0:50  Drone  
  17  0:56  Hatchery  
  17  0:58  Drone  
  18  1:08  Drone  
  19  1:15  Spawning Pool  
  19  1:18  Drone  
  19  1:30  Drone  
  20  1:40  Drone  
  21  1:50  Overlord  
  21  1:57  Extractor  
  20  2:02  Queen  
  20  2:08  Queen  
  25  2:09  Drone  
  25  2:10  Drone  
  25  2:14  Drone  
  28  2:22  Drone  
  29  2:23  Drone  
  30  2:32  Drone  
  30  2:35  Extractor  
  30  2:36  Drone  
  31  2:38  Queen  
  31  2:43  Queen  
  35  2:47  Drone  
  35  2:50  Overlord  
  35  2:51  Overlord  
  36  3:10  Drone  
  37  3:18  Drone x3  
  40  3:20  Extractor  
  39  3:29  Roach Warren  
  34  3:43  Zergling x6  
  29  3:50  Zergling x2  
  29  3:51  Zergling x12  
  29  3:52  Zergling x8  
  38  3:57  Zergling x2  
  39  4:06  Queen  
  41  4:11  Drone  
  41  4:12  Drone  
  43  4:17  Drone  
  43  4:18  Baneling Nest  
  43  4:19  Roach  
  43  4:22  Queen  
  43  4:23  Evolution Chamber  
  43  4:31  Roach  
  43  4:32  Roach x2  
  47  4:40  Roach  
  47  4:41  Queen  
  45  5:15  Roach x3  
  45  5:16  Roach  
  45  5:17  Overlord x2  
  49  5:31  Roach  
  49  5:32  Overlord x2  
  49  5:35  Extractor  
  46  5:45  Roach  
  46  5:46  Roach  
  48  5:51  Drone  
  48  5:52  Drone  
  48  6:06  Roach x5  
  62  6:18  Roach x2  
  62  6:20  Drone x3  
  65  6:34  Roach x2  
  65  6:36  Drone  
  68  6:59  Drone x2  
  69  7:02  Drone  
  69  7:09  Roach x3  
  69  7:10  Roach  
  69  7:11  Zerg Missile Weapons Level 1  
  69  7:12  Drone x2  
  79  7:17  Extractor  
  79  7:18  Roach  
  80  7:26  Overlord  
  80  7:34  Roach  
  80  7:35  Roach  
  80  7:36  Lair  
  84  7:42  Overlord  
  84  8:01  Roach x4  
  84  8:02  Roach  
  84  8:04  Roach  
  96  8:12  Drone x3  
  93  8:39  Roach x2  
  93  8:40  Drone x3  
  100  8:47  Overlord x2  
  100  9:00  Overlord x2  
  100  9:07  Hatchery  
  99  9:12  Drone x2  
  99  9:13  Drone  
  102  9:18  Overseer  
  102  9:23  Drone x2  
  102  9:24  Drone x2  
  105  9:26  Drone  
  107  9:37  Glial Reconstitution  
  107  9:44  Drone  
  107  9:45  Drone x3  
  111  9:52  Drone x3  
  114  10:19  Drone  
  115  10:27  Zerg Missile Weapons Level 2  
  115  10:30  Hatchery  
  115  10:34  Evolution Chamber  
  113  10:38  Drone  
  113  10:39  Spine Crawler, Queen  
  113  10:40  Overlord x2  
  113  10:41  Drone x2  
  117  10:47  Drone  
  118  10:53  Roach x2  
  118  10:54  Roach x3  
  126  10:57  Roach x2  
  126  10:58  Roach  
  132  11:09  Spore Crawler  
  132  11:10  Spine Crawler  
  130  11:28  Roach x4  
  130  11:29  Roach  
  140  11:33  Hydralisk Den, Zerg Ground Armor Level 1  
  137  11:58  Drone x3  
  137  12:00  Drone x4  
  144  12:07  Hydralisk x3  
  144  12:08  Hydralisk x4  
  152  12:10  Muscular Augments  
  152  12:13  Drone  
  152  12:14  Drone  
  160  12:20  Overlord  
  160  12:22  Overlord  
  160  12:30  Hatchery  
  160  12:33  Pneumatized Carapace  
  159  12:37  Ravager  
  159  12:40  Overlord x3  
  159  12:41  Overlord  
  160  12:54  Ravager x3  
  160  12:55  Ravager x5  
  160  12:56  Ravager x7  
  175  13:03  Drone x2  
  175  13:04  Drone  
  178  13:08  Hydralisk x2  
  178  13:09  Hydralisk  
  184  13:13  Drone x4  
  184  13:15  Extractor  
  187  13:20  Extractor  
  187  13:27  Drone x2, Overlord  
  187  13:28  Overlord x2  
  188  13:46  Zerg Ground Armor Level 2  
  188  13:47  Infestation Pit  
  187  13:52  Drone  
  188  14:05  Drone x3  
  188  14:06  Drone x2  
  193  14:19  Drone x2  
  193  14:20  Drone  
  196  14:51  Hive  
  196  15:17  Drone x3  
  199  15:28  Extractor  
  199  15:29  Extractor  
  199  15:30  Hatchery  
  199  15:33  Hatchery  
  199  15:34  Extractor  
  194  15:38  Hatchery  
  194  15:41  Hatchery x2  
  194  15:42  Hatchery  
  190  15:51  Hatchery  
  158  16:29  Drone x4  
  158  16:30  Drone x6  
  158  16:31  Drone x4  
  158  16:32  Drone x4  
  172  16:33  Drone x6  
  172  16:34  Drone x2  
  172  16:35  Extractor  
  145  16:58  Drone x2  
  145  16:59  Drone x7  
  145  17:00  Drone x2  
  122  17:29  Drone x5  
  127  17:30  Drone  
  127  17:32  Drone  
  127  17:33  Drone x2  
  127  17:34  Drone x3  
  127  17:36  Drone x2  
  127  17:37  Drone  
  137  17:45  Zerg Missile Weapons Level 3  
  137  17:46  Zerg Ground Armor Level 3  
  137  17:51  Drone x6  
  140  17:52  Drone x6  
  140  17:53  Drone  
  140  17:56  Extractor x2  
  139  18:02  Drone x2, Spine Crawler x2  
  139  18:03  Spine Crawler  
  135  18:10  Drone x2  
  135  18:11  Drone x4  
  138  18:16  Drone x4  
  138  18:17  Drone x2  
  144  18:20  Extractor  
  144  18:24  Extractor  
  142  18:28  Drone  
  142  18:29  Drone x6  
  142  18:32  Drone  
  142  18:33  Drone x6  
  156  18:50  Drone x3  
  156  18:52  Drone x3  
  162  19:10  Extractor  
  162  19:11  Extractor  
  162  19:16  Overseer x6  
  160  19:17  Overseer  
  160  19:20  Drone x3  
  160  19:21  Extractor  
  160  19:23  Extractor  
  161  19:33  Pathogen Glands  
  161  19:34  Centrifical Hooks  
  161  19:37  Metabolic Boost  
  161  19:51  Spire  
  160  20:04  Drone x3  
  163  20:07  Drone x3  
  163  20:11  Drone x3  
  163  20:14  Spine Crawler  
  168  20:16  Spine Crawler  
  168  20:19  Spine Crawler  
  166  20:23  Zerg Melee Weapons Level 1  
  166  20:49  Spire  
  165  20:52  Drone x3  
  165  20:54  Drone x3  
  165  20:55  Extractor  
  165  20:56  Adrenal Glands  
  170  20:57  Drone x2  
  170  20:58  Drone, Extractor  
  170  21:03  Burrow  
  170  21:04  Ventral Sacs  
  172  21:06  Zerg Flyer Weapons Level 1  
  172  21:29  Queen  
  174  21:52  Drone x2  
  174  21:53  Drone x7  
  174  21:54  Drone  
  184  22:00  Drone x2  
  184  22:01  Drone  
  187  22:06  Drone x6  
  187  22:07  Drone x5  
  187  22:08  Drone x2  
  200  22:10  Zerg Flyer Armor Level 1  
  200  22:23  Zerg Melee Weapons Level 2  
  200  22:29  Extractor  
  199  22:32  Extractor  
  199  22:34  Spine Crawler  
  197  23:08  Hatchery  
  197  23:11  Spore Crawler  
  195  24:06  Zerg Flyer Weapons Level 2  
  195  24:07  Zerg Flyer Armor Level 2  
  195  24:31  Hatchery  
  195  24:32  Drone x6  
  195  24:36  Hatchery  
  199  24:43  Hatchery  
  198  24:49  Hatchery  
  198  24:50  Zerg Melee Weapons Level 3  
  198  24:52  Drone x2  
  199  24:53  Hatchery  
  199  24:55  Hatchery  
  197  25:03  Drone  
  198  25:47  Extractor  
  197  26:15  Drone x3  
  200  27:33  Spine Crawler  
  200  27:34  Spine Crawler  
  200  27:35  Spine Crawler  
  197  27:37  Spine Crawler x2  
  197  27:38  Spine Crawler  
  197  27:41  Spine Crawler  
  193  27:46  Roach x2  
  197  28:18  Ravager  
  197  28:19  Ravager  
  199  28:22  Drone  
  200  31:17  Zerg Flyer Weapons Level 3, Zerg Flyer Armor Level 3  
  200  31:20  Neural Parasite  
  20  37:20  Corruptor x3  
  26  37:30  Drone  
  27  37:45  Ultralisk Cavern  
  26  38:31  Chitinous Plating  
  26  39:04  Extractor  
Tags
 
Add a new tag
Caveats
  • Supply blocks, unpowered buildings, or Contaminate may cause inaccurate times.
  • Supply counts are checked every 10 seconds.